 Dungeon Crawl Stone Soup version 0.20.0-15-g7f486f2 (webtiles) character file.

42 Blackbelt the Sneak (level 3, 0/24 HPs)
             Began as a Vampire Enchanter on June 27, 2017.
             Slain by Crazy Yiuf
             ... wielding a +4 quarterstaff of chaos
              (7 damage)
             ... on level 2 of the Dungeon.
             The game lasted 00:06:01 (2227 turns).

Blackbelt the Sneak (Vampire Enchanter)             Turns: 2227, Time: 00:06:02

Health: 0/24       AC:  4    Str:  7    XL:     3   Next: 35%
Magic:  2/6        EV: 13    Int: 19    God:
Gold:   58         SH:  0    Dex: 15    Spells: 2/6 levels left

rFire    . . .     SeeInvis +   a - +1 dagger
rCold    + . .     Gourm    .   (no shield)
rNeg     + + .     Faith    .   b - +0 robe
rPois    +         Spirit   .   (no helmet)
rElec    .         Reflect  .   (no cloak)
rCorr    .         Harm     .   (no gloves)
MR       +....                  (no boots)
Stlth    ++++......             (no amulet)
Regen    0.1/turn               (no ring)
MPRegen  0.1/turn               (no ring)

@: very slightly contaminated, regenerating slowly
A: fangs 3, iridescent scales 1, see invisible, clever 1, magic resistance 1,
unbreathing
a: Bat Form


You were on level 2 of the Dungeon.
You were thirsty.

You visited 1 branch of the dungeon, and saw 2 of its levels.

You collected 58 gold pieces.

Inventory:

Hand Weapons
 a - a +1 dagger (weapon)
Missiles
 f - 3 curare-tipped needles
Armour
 b - a +0 robe (worn)
Wands
 m - a wand of lightning (5/15)
Scrolls
 g - 2 scrolls of enchant weapon {unknown}
 i - 3 scrolls of magic mapping {unknown}
 j - a scroll of fear {unknown}
 k - a scroll of random uselessness {unknown}
 l - 2 scrolls of identify {unknown}
Potions
 d - a potion of blood
 h - 3 potions of mutation
Books
 c - a book of Maledictions

   Spells                             Type                      Level
   a - Corona                         Hexes                        1
   b - Ensorcelled Hibernation        Hexes/Ice                    2
   c - Confuse                        Hexes                        3
   d - Tukima's Dance                 Hexes                        3
   e - Dazzling Spray                 Conjuration/Hexes            3


   Skills:
 - Level 1.1 Short Blades
 - Level 2.1 Dodging
 + Level 6.8 Stealth
 - Level 2.0 Spellcasting
 - Level 4.4 Hexes


You had 2 spell levels left.
You knew the following spells:

 Your Spells              Type           Power        Failure   Level  Hunger
a - Corona                Hex            ###....      2%          1    #......
b - Confuse               Hex            ###.....     9%          3    ###....


Dungeon Overview and Level Annotations

Branches:
Dungeon (2/15)

Altars:
Vehumet

Annotations:
D:2 Crazy Yiuf


Innate Abilities, Weirdness & Mutations

You heal slowly.
You have razor-sharp teeth.
You have supernaturally acute eyesight. (SInv)
You can survive without breathing.
You are partially covered in iridescent scales. (AC +2)
Your mind is acute. (Int +2)
You are resistant to hostile enchantments. (MR+)


Message History

You don't have enough magic at the moment.
Crazy Yiuf whimpers, "Lay forty-two hog!"
A frilled lizard comes into view.
You see here a stone.
Crazy Yiuf cries, "Whippet!"
Crazy Yiuf says, "Whippet!"
You see here a worm corpse.
Crazy Yiuf says, "I'm not crazy!"
You see here a stone.
Crazy Yiuf grits, "Snoogle mobile toodlewoodle!"
It was a potion of mutation.
You feel extremely strange.
Iridescent scales grow over part of your body.
You feel clever.
You feel resistant to hostile enchantments.
Crazy Yiuf barely misses you.
Crazy Yiuf laughs, "Blight ladder broken!"
You fail to use your ability.
Crazy Yiuf hits you but does no damage.
You fail to use your ability.
Crazy Yiuf hits you with a quarterstaff of chaos!
You die...

##....####....###
#..(..# #....# #
#....## #...P# #
#...## ##.P.# #
###†.## ##.## #
#<(.## ##.# #
#...# #.## #
#.g.# ##.# #
#.@.# #.## #
#...# #'# # #...#
... #...# #...#
##### #)..# #####


You could see Crazy Yiuf.

Vanquished Creatures
  A worm (D:2)
  A dart slug (D:2)
  2 leopard geckos (D:2)
  4 giant cockroaches
  A goblin (D:2)
  4 hobgoblins
  9 kobolds
  A quokka (D:2)
  2 ball pythons
  3 bats
  3 frilled lizards (D:1)
  3 rats (D:1)
34 creatures vanquished.

Notes
Turn   | Place    | Note
-------+----------+-------------------------------------------
     0 | D:1      | Blackbelt the Vampire Enchanter began the quest for the Orb.
     0 | D:1      | Reached XP level 1. HP: 13/13 MP: 3/3
   427 | D:1      | Reached skill level 5 in Stealth
   520 | D:1      | Reached XP level 2. HP: 19/19 MP: 5/5
  1096 | D:2      | Reached skill level 6 in Stealth
  1313 | D:2      | Reached XP level 3. HP: 5/24 MP: 6/6
  1714 | D:2      | Learned a level 3 spell: Confuse
  1755 | D:2      | Found a radiant altar of Vehumet.
  2130 | D:2      | Found a runed door.
  2201 | D:2      | Noticed Crazy Yiuf
  2224 | D:2      | Gained mutation: You are partially covered in iridescent scales. (AC +2) [potion of mutation]
  2224 | D:2      | Gained mutation: Your mind is acute. (Int +2) [potion of mutation]
  2224 | D:2      | Gained mutation: You are resistant to hostile enchantments. (MR+) [potion of mutation]
  2227 | D:2      | Slain by Crazy Yiuf

Skill      XL: |  1  2 |
---------------+-------+-----
Stealth        | 5 6 |  6.8
Short Blades   | |  1.1
Dodging        | |  2.1
Spellcasting   | |  2.0
Hexes          | |  4.4

Action                   || total
-------------------------++-------
Melee: Dagger            ||   113
       Bite              ||    13
 Cast: Confuse           ||     5
Evoke: Wand              ||     1
  Use: Potion            ||     3
 Stab: Sleeping          ||     8
       Confused          ||     2
  Eat: Corpse            ||     2
Armor: Robe              ||    21
Dodge: Dodged            ||    62
